 Dungeon Crawl Stone Soup version 0.28.0-53-g5a82cb258f (webtiles) character file.

Game seed: 6603686761267837338

2657 safid the Severer (level 9, -5/71 HPs)
             Began as a Hill Orc Fighter on June 25, 2022.
             Was a Believer of Beogh.
             Slain by a boulder beetle (12 damage)
             ... on level 7 of the Dungeon.
             The game lasted 00:10:22 (4271 turns).

safid the Severer (Hill Orc Fighter)                Turns: 4271, Time: 00:10:22

Health: -5/71      AC: 16    Str: 25    XL:     9   Next: 62%
Magic:  9/9        EV:  9    Int:  8    God:    Beogh [**....]
Gold:   368        SH:  4    Dex: 10    Spells: 8/8 levels left

rFire   + . .      SeeInvis .   A - +7 long sword of the Several Teeth {vorpal, rF+ Str+2}
rCold   . . .      Faith    .   c - +0 buckler
rNeg    . . .      Spirit   .   b - +0 scale mail
rPois   .          Reflect  .   h - +1 helmet
rElec   .          Harm     .   m - +2 cloak
rCorr   .          Rampage  .   (no gloves)
Will    +....                   (no boots)
Stlth   ..........              e - amulet of regeneration
HPRegen 1.01/turn               r - +4 ring of protection
MPRegen 0.11/turn               D - ring of willpower

@: no status effects
A: no striking features
a: Renounce Religion, Smiting


You were on level 7 of the Dungeon.
You worshipped Beogh.
Beogh was pleased with you.
You visited 1 branch of the dungeon, and saw 7 of its levels.

You collected 368 gold pieces.

Inventory:

Hand Weapons
 a - a +0 war axe
 A - the +7 long sword of the Several Teeth (weapon) {vorpal, rF+ Str+2}
   (You found it on level 6 of the Dungeon)

   It inflicts extra damage upon your enemies.
   Str:       It affects your strength (+2).
   rF:        It protects you from fire.
Missiles
 j - 20 poisoned darts (quivered)
Armour
 b - a +0 scale mail (worn)
 c - a +0 buckler (worn)
 h - a +1 helmet (worn)
 m - a +2 cloak (worn)
Jewellery
 e - an amulet of regeneration (around neck)
 r - a +4 ring of protection (left hand)
 D - a ring of willpower (right hand)
Wands
 u - a wand of digging (4)
Scrolls
 d - a scroll of torment {unknown}
 g - 2 scrolls of fog
 i - 2 scrolls of immolation {unknown}
 k - 2 scrolls of teleportation
 l - a scroll of silence {unknown}
 p - a scroll of fear {unknown}
 q - a scroll of magic mapping {unknown}
 w - a scroll of vulnerability {unknown}
 x - a scroll of identify
 y - a scroll of brand weapon {unknown}
Potions
 f - a potion of ambrosia {unknown}
 n - a potion of degeneration {unknown}
 o - 2 potions of heal wounds {unknown}
 s - 3 potions of curing {unknown}
 t - a potion of brilliance {unknown}
 B - a potion of mutation {unknown}


   Skills:
 - Level 4.0 Fighting
 + Level 15.7 Axes
 - Level 4.0 Armour
 - Level 4.0 Shields
 - Level 2.2 Unarmed Combat


You had 8 spell levels left.
You didn't know any spells.
Your spell library contained the following spells:

 Spells                   Type           Power      Damage    Failure   Level
 Animate Skeleton         Necr           0%         N/A       78%         1
 Beastly Appendage        Tmut           0%         N/A       78%         1
 Pain                     Necr           0%         1d4       78%         1
 Sandblast                Erth           0%         2d4       78%         1
 Shock                    Conj/Air       0%         1d3       78%         1
 Ensorcelled Hibernation  Hex/Ice        0%         N/A       89%         2
 Passwall                 Tmut/Erth      0%         N/A       89%         2
 Wereblood                Tmut           0%         N/A       89%         2
 Spider Form              Tmut/Pois      0%         N/A       98%         3
 Stone Arrow              Conj/Erth      0%         3d7       98%         3
 Swiftness                Air            0%         N/A       98%         3
 Vampiric Draining        Necr           0%         2d6       98%         3
 Airstrike                Air            0%         N/A       100%        4
 Anguish                  Hex/Necr       0%         N/A       100%        4
 Passage of Golubria      Tloc           0%         N/A       100%        4
 Lee's Rapid Deconstruct  Erth           0%         3d5*      100%        5


Dungeon Overview and Level Annotations

Branches:
Dungeon (7/15)             Temple (0/1) D:4

Altars:

Shops:
D:5 (


Message History

You slash the orc!
You kill the orc!
Beogh accepts your kill.
Unknown command.
You start resting.
A boulder beetle is nearby!
You hit the boulder beetle but do no damage.
The boulder beetle bites you! The boulder beetle closely misses you.
You hit the boulder beetle but do no damage.
The boulder beetle barely misses you.
You hit the boulder beetle but do no damage.
The boulder beetle bites you!
* * * LOW HITPOINT WARNING * * *
The boulder beetle bites you but does no damage.
The boulder beetle curls into a ball and begins rolling!
You completely miss the boulder beetle. The boulder beetle barely misses you.
The boulder beetle stops rolling and uncurls.
The boulder beetle bites you!
* * * LOW HITPOINT WARNING * * *
You hit the boulder beetle but do no damage.
The boulder beetle leaps!
You see here 25 sling bullets.
The boulder beetle curls into a ball and begins rolling!
You see here 16 sling bullets.
You hit the boulder beetle but do no damage.
The boulder beetle barely misses you.
The boulder beetle stops rolling and uncurls.
The boulder beetle barely misses you.
You hit the boulder beetle but do no damage.
The boulder beetle bites you.
You hit the boulder beetle.
The boulder beetle is lightly wounded.
The boulder beetle bites you!!
* * * LOW HITPOINT WARNING * * *
The boulder beetle completely misses you.
As you read the scroll labelled DUSTUF FUSAEDE, it crumbles to dust.
It is a scroll of identify.
k - 2 scrolls of teleportation The boulder beetle bites you!
You die...

... #.######.###
##..##### ##......#
#..###### .# ##..# ...
..######..## ..
...........##### #..
........=....... .
#..####......(@...#####
..#...#...###...B...#
#........ ###.....#
#.......# #..###.#
#).## #..# #.#
##..######.## #.#
#..B...○(.# #.
########.## ###


You could see a boulder beetle.

Vanquished Creatures
  A troll (D:5)
  Prince Ribbit (D:6)
  A steam dragon (D:6)
  Eustachio (D:5)
  Menkaure (D:6)
  Edmund (D:4)
  Duvessa (D:4)
  A black bear (D:6)
  An ice beast (D:6)
  A necrophage (D:7)
  Blork the orc (D:5)
  A kobold brigand (D:6)
  A scorpion (D:4)
  2 bullfrogs (D:6)
  A water moccasin zombie (D:5)
  Dowan (D:4)
  2 water moccasin skeletons
  3 wights
  A howler monkey (D:5)
  5 hounds
  A jelly (D:6)
  A bullfrog skeleton (D:6)
  A centaur skeleton (D:4)
  4 iguanas
  2 orc priests
  An orc wizard (D:3)
  2 hound skeletons
  10 adders
  3 gnolls (D:5)
  A shadow imp (D:5)
  An ufetubus (D:7)
  An adder skeleton (D:4)
  A worm (D:3)
  6 dart slugs
  23 orcs
  7 ball pythons
  6 endoplasms
  2 giant cockroaches (D:3)
  4 goblins
  7 hobgoblins
  15 kobolds
  5 quokkas
  2 bats
  2 frilled lizards
  3 rats
139 creatures vanquished.

Vanquished Creatures (others)
  An orc wizard (D:5)
  2 orcs (D:3)
  2 plants (D:2)
5 creatures vanquished.

Grand Total: 144 creatures vanquished

Notes
Turn   | Place    | Note
-------+----------+-------------------------------------------
     0 | D:1      | safid the Hill Orc Fighter began the quest for the Orb.
     0 | D:1      | Reached XP level 1. HP: 19/19 MP: 1/1
   382 | D:1      | Reached XP level 2. HP: 27/27 MP: 2/2
   384 | D:1      | Reached skill level 3 in Axes
   848 | D:2      | Reached XP level 3. HP: 25/33 MP: 3/3
   911 | D:2      | Reached skill level 1 in Unarmed Combat
   938 | D:2      | Reached XP level 4. HP: 40/40 MP: 4/4
  1296 | D:2      | Found a faded altar of an unknown god.
  1449 | D:3      | Reached skill level 4 in Axes
  1471 | D:3      | Reached XP level 5. HP: 46/46 MP: 5/5
  1608 | D:3      | Became a worshipper of Beogh the Brigand
  1865 | D:3      | Reached skill level 5 in Axes
  2007 | D:3      | You fall into a shaft and drop 2 floors!
  2007 | D:5      | Entered Level 5 of the Dungeon
  2101 | D:5      | Reached skill level 6 in Axes
  2101 | D:5      | Reached XP level 6. HP: 52/52 MP: 6/6
  2175 | D:4      | Reached skill level 7 in Axes
  2271 | D:3      | Reached * piety under Beogh
  2375 | D:4      | Reached skill level 8 in Axes
  2375 | D:4      | Reached XP level 7. HP: 59/59 MP: 7/7
  2382 | D:4      | Noticed Edmund
  2390 | D:4      | Killed Edmund
  2402 | D:4      | Found a staircase to the Ecumenical Temple.
  2469 | D:4      | Noticed Duvessa
  2470 | D:4      | Noticed Dowan
  2480 | D:4      | Reached skill level 9 in Axes
  2492 | D:4      | Killed Duvessa
  2504 | D:4      | Killed Dowan
  2549 | D:4      | Reached skill level 10 in Axes
  2778 | D:4      | Reached XP level 8. HP: 54/55 MP: 8/8
  2853 | D:5      | Noticed a troll
  2881 | D:5      | Killed a troll
  2882 | D:5      | Reached skill level 11 in Axes
  3054 | D:5      | Noticed Blork the orc
  3072 | D:5      | Killed Blork the orc
  3138 | D:5      | Noticed Eustachio
  3176 | D:5      | Killed Eustachio
  3177 | D:5      | Reached skill level 12 in Axes
  3208 | D:5      | Got Sif Muna's Volume of Displaced Stones
  3216 | D:5      | Found Jasum's Antique Weapon Shop.
  3474 | D:5      | Reached skill level 13 in Axes
  3515 | D:6      | Reached ** piety under Beogh
  3546 | D:6      | Reached XP level 9. HP: 71/71 MP: 9/9
  3595 | D:6      | Reached skill level 14 in Axes
  3638 | D:6      | Identified the +7 long sword of the Several Teeth {vorpal,
                  | rF+ Str+2}
  3800 | D:6      | Noticed Menkaure
  3800 | D:6      | Noticed Prince Ribbit
  3808 | D:6      | Killed Prince Ribbit
  3809 | D:6      | Reached skill level 15 in Axes
  3810 | D:6      | Killed Menkaure
  4238 | D:7      | Noticed a boulder beetle
  4271 | D:7      | Slain by a boulder beetle

Illustrated notes

Levels and vault maps discovered:
D:1:      grunt_arrival_lava_bath, layout_rooms, minmay_misc_feat_roman
D:2:      layout_rooms, nicolae_ecumenical_oubliette, serial_bayou_ford_a,
          minmay_pentomino_v4
D:3:      layout_loops_ring
D:4:      layout_cave_pools, minmay_temple_entry_wispy, uniq_duvessa,
          uniq_edmund
D:5:      layout_basic, serial_shops, nicolae_shop_crystal, uniq_blork_the_orc,
          uniq_eustachio
D:6:      layout_cave_pools, uniq_prince_ribbit1, uniq_menkaure
D:7:      layout_layer_cave, kennysheep_generic_room_11

Skill      XL: |  1  2  3  4  5  6  7  8  9 |
---------------+----------------------------+-----
Axes           | 3 4 6 8 10 13 15 | 15.7
Fighting       | 4 |  4.0
Unarmed Combat | 1 2 |  2.2
Shields        | 4 |  4.0
Armour         | 4 |  4.0

Action                   |  1- 3 |  4- 6 |  7- 9 || total
-------------------------+-------+-------+-------++-------
Melee: War axe           |    52 |   176 |   191 ||   419
       Long sword        |       |       |    63 ||    63
Invok: Convert to Beogh  |       |     1 |       ||     1
  Use: Potion            |       |       |     2 ||     2
       Scroll            |       |       |     2 ||     2
Armor: Scale mail        |    22 |   110 |   167 ||   299
Dodge: Dodged            |    23 |    79 |   135 ||   237
Block: Buckler           |    11 |    29 |    55 ||    95
